AoeStats
← TIMVP

Arena

510189283Analyzed
2v2 RM · 1d ago on Sep 29, 2026· 66m 32s· 4 players
Game mode
Random Map
Map size
Medium (4 player)
Population
200
Speed
Normal
Resources
Standard
Victory
Conquest
Starting age
Dark Age
Ending age
Imperial Age
RankedLock teamsTeams togetherTeam positionsShared explorationLock speedFull tech treeHidden civsTurbo modeCheats
Victory
Defeat
🇨🇴 Turks · Colombia
669
+18
🇹🇷 Malay · Türkiye
656
+18
🇵🇪 Romans · Peru
718
-18
🇵🇪 Franks · Peru
705
-18
Fulgur
11:16 Feudal Age
19:08 Castle Age
18:10 Double-Bit Axe
23:35 Bow Saw
23:19 Fletching
26:34 Loom
27:27 Bodkin Arrow
29:01 Forging
28:54 Padded Archer Armor
28:56 Horse Collar
34:53 Town Watch
35:29 Bloodlines
41:26 Ballistics
41:34 Thumb Ring
42:54 Wheelbarrow
42:19 Town Patrol
42:19 Gold Mining
44:42 Caravan
46:57 Iron Casting
46:28 Scale Barding Armor
46:40 Leather Archer Armor
50:28 Imperial Age
47:56 Stone Mining
49:50 Husbandry
50:15 Chain Barding Armor
51:54 Conscription
52:07 Capped Ram
53:56 Elite Janissary
56:19 Blast Furnace
55:23 Bracer
56:35 Ring Archer Armor
56:41 Plate Barding Armor
56:06 Heavy Camel Rider
58:45 Hand Cart
58:38 Heavy Plow
Margaery Tyrell
6:10 Loom
12:45 Feudal Age
13:22 Double-Bit Axe
14:19 Wheelbarrow
14:40 Stone Mining
17:08 Gold Mining
21:10 Castle Age
20:03 Horse Collar
26:15 Forging
26:23 Bow Saw
28:20 Hand Cart
28:48 Crossbowman
29:24 Fletching
29:35 Padded Archer Armor
31:22 Thumb Ring
34:37 Ballistics
36:56 Imperial Age
34:27 Bodkin Arrow
34:49 Leather Archer Armor
36:11 Iron Casting
35:50 Masonry
37:28 Chemistry
36:42 Arbalester
37:40 Caravan
40:24 Gold Shaft Mining
40:26 Stone Shaft Mining
39:56 Heavy Plow
45:13 Ring Archer Armor
44:43 Bracer
45:35 Crop Rotation
44:31 Man-at-Arms
45:34 Elite Karambit Warrior
48:00 Treadmill Crane
48:28 Siege Engineers
50:26 Onager
51:25 Pikeman
52:10 Squires
55:55 Halberdier
55:58 Man-at-Arms
56:23 Arson
57:44 Blast Furnace
A†ilA
11:10 Feudal Age
12:39 Wheelbarrow
12:07 Double-Bit Axe
19:55 Castle Age
19:34 Forging
19:38 Scale Barding Armor
21:39 Husbandry
22:14 Hand Cart
25:23 Bow Saw
25:07 Gold Mining
25:09 Stone Mining
32:32 Imperial Age
33:27 Hand Cart
34:21 Iron Casting
41:56 Conscription
44:38 Elite Throwing Axeman
46:33 Elite Skirmisher
47:09 Cavalier
54:06 Ordonnance Companies
54:53 Chivalry
56:47 Paladin
58:40 Caravan
58:08 Light Cavalry
TIMVP
9:26 Loom
13:14 Feudal Age
19:18 Castle Age
22:16 Scale Mail Armor
22:03 Horse Collar
23:36 Heavy Plow
26:23 Stone Mining
28:13 Gold Mining
30:30 Wheelbarrow
33:19 Imperial Age
33:39 Bloodlines
33:42 Double-Bit Axe
34:16 Husbandry
35:14 Conscription
35:16 Scale Barding Armor
37:00 Hand Cart
37:32 Light Cavalry
41:02 Elite Centurion
45:14 Elite Skirmisher
48:23 Ballistics
49:03 Chemistry
49:21 Padded Archer Armor
49:12 Fletching
49:43 Chain Barding Armor
49:55 Comitatenses
62:20 Fortified Wall
Connection lost

Rejoining the realm…

Still unreachable

The connection could not be restored.

Session expired

The server has moved on; the page needs a fresh start.